 Dungeon Sprint DCSS version 0.20.1-1-g8b1a95d (webtiles) character file.

579830 Kingsmith the Swordmaster (level 21, 220/224 HPs)
             Began as a Minotaur Fighter on Dec 14, 2017.
             Was the Champion of Qazlal.
             Escaped with the Orb!
             The game lasted 00:32:30 (2926 turns).

Kingsmith the Swordmaster (Minotaur Fighter)        Turns: 2926, Time: 00:32:31

Health: 220/224    AC: 45    Str: 28    XL:     21   Next: 34%
Magic:  49/50      EV: 32    Int: 15    God:    Qazlal [******]
Gold:   0          SH: 54    Dex: 17    Spells: 35/72 levels left

rFire    . . .     SeeInvis +   V - +10 zealot's sword {holy, *Rage rN+ EV+3}
rCold    + . .     Gourm    .   c - +18 shield of the Gong {rElec rN+ MR+ EV-5}
rNeg     + + +     Faith    .   b - +15 Maxwell's patent armour {-Cast -Tele rElec MR+ rCorr}
rPois    +         Spirit   .   (helmet restricted)
rElec    +         Reflect  +   (no cloak)
rCorr    +         Harm     .   S - +2 pair of gloves of the Invisible Hand {rC+ rN+ Int+3}
MR       +++..     Rnd*Rage +   y - +2 pair of boots {run} Stlth ..........NoTele +
                                Y - brooch of Shielding {Reflect SH+8}
Regen    0.5/turn  NoCast   +   D - ring of Phasing {EV+8}
MPRegen  0.4/turn               P - ring "Haqofo" {*Slow rPois Int+7 Dex+4 SInv}

@: studying 3 skills, repel missiles, quick
A: retaliatory headbutt, horns 2
0: Orb of Zot
a: Upheaval, Elemental Force, Disaster Area, Renounce Religion


You escaped.
You worshipped Qazlal.
Qazlal was exalted by your worship.
You were very full.

You visited 1 branch

Inventory:

Hand Weapons
 a - the +7 Singing Sword
   (You found it in the Dungeon)
 L - the +8 trident of the Octopus King {venom, rElec rPois MR+}
   (You found it in the Dungeon)

   It poisons the flesh of those it strikes.
   It insulates you from electricity.
   It protects you from poison.
   It affects your resistance to hostile enchantments.
 T - the +6 short sword "Usugear" {flame, *Noise rF++ Str+5}
   (You took it off a guardian mummy in the Dungeon)

   It has been specially enchanted to burn those struck by it, causing extra
   injury to most foes and up to half again as much damage against particularly
   susceptible opponents.
   It affects your strength (+5).
   It greatly protects you from fire.
   It may make noises in combat.
 V - the +10 zealot's sword (weapon) {holy, *Rage rN+ EV+3}
   (You took it off a salamander in the Dungeon)

   It has been blessed by the Shining One to cause great damage to the undead
   and demons.
   It affects your evasion (+3).
   It protects you from negative energy.
   It may make you go berserk in combat.
 W - the +3 long sword of Heoha {slice, +Inv Dex+3 Stlth+}
   (You found it in the Dungeon)

   It inflicts extra damage upon your enemies.
   It affects your dexterity (+3).
   It lets you turn invisible.
   It makes you more stealthy.
Armour
 b - the +15 Maxwell's patent armour (worn) {-Cast -Tele rElec MR+ rCorr}
   (You found it in the Dungeon)

   It insulates you from electricity.
   It affects your resistance to hostile enchantments.
   It prevents spellcasting.
   It prevents most forms of teleportation.
   It protects you from acid and corrosion.
 c - the +18 shield of the Gong (worn) {rElec rN+ MR+ EV-5}
   (You found it in the Dungeon)

   It affects your evasion (-5).
   It insulates you from electricity.
   It protects you from negative energy.
   It affects your resistance to hostile enchantments.
 y - a +2 pair of boots of running (worn)
 A - the +6 pearl dragon scales "Qudij" {rN+ MR+}
   (You found it in the Dungeon)

   It protects you from negative energy.
   It affects your resistance to hostile enchantments.
 S - the +2 pair of gloves of the Invisible Hand (worn) {rC+ rN+ Int+3}
   (You found it in the Dungeon)

   It affects your intelligence (+3).
   It protects you from cold.
   It protects you from negative energy.
Jewellery
 o - an uncursed ring of see invisible
 B - the ring "Tuarat" {rElec rN+ Str+3}
   (You found it in the Dungeon)

   [ring of positive energy]

   It affects your strength (+3).
   It insulates you from electricity.
   It protects you from negative energy.
 D - the ring of Phasing (left hand) {EV+8}
   (You found it in the Dungeon)

   [ring of evasion]

   It affects your evasion (+8).
 E - a +6 ring of strength
 P - the ring "Haqofo" (right hand) {*Slow rPois Int+7 Dex+4 SInv}
   (You found it in the Dungeon)

   [ring of see invisible]

   It affects your intelligence (+7).
   It affects your dexterity (+4).
   It protects you from poison.
   It lets you see invisible.
   It may slow you when you take damage.
 Y - the brooch of Shielding (around neck) {Reflect SH+8}
   (You took it off a merfolk impaler in the Dungeon)

   [amulet of reflection]

   It shields you and reflects attacks.
   It affects your SH (+8).
Wands
 G - a wand of disintegration (7/24)
 H - a wand of iceblast (5/15)
 I - a wand of lightning (5/15)
 J - a wand of acid (5/15)
Scrolls
 k - 4 scrolls of blinking
 q - 4 scrolls of amnesia
 r - 3 scrolls of recharging
 s - 7 scrolls of fog
 t - a scroll of holy word
 u - 5 scrolls of identify
 v - 4 scrolls of remove curse
 w - 2 scrolls of fear
 K - 3 scrolls of enchant armour
Potions
 d - 7 potions of might
 e - 9 potions of curing
 g - 11 potions of heal wounds
 h - 6 potions of haste
 i - 3 potions of magic
 j - 2 potions of berserk rage
 l - 2 potions of brilliance
 m - 2 potions of invisibility
 n - 4 potions of resistance
 p - 5 potions of agility
Books
 C - a book of the Sky

   Spells                             Type                      Level
   a - Summon Lightning Spire         Summoning/Air                4
   b - Silence                        Hexes/Air                    5
   c - Deflect Missiles               Charms/Air                   6
   d - Conjure Ball Lightning         Conjuration/Air              6
   e - Tornado                        Air                          9
 M - a manual of Axes
 N - a manual of Conjurations
 O - a book of the Dragon

   Spells                             Type                      Level
   a - Flame Tongue                   Conjuration/Fire             1
   b - Cause Fear                     Hexes                        4
   c - Bolt of Fire                   Conjuration/Fire             6
   d - Dragon Form                    Transmutation                7
   e - Dragon's Call                  Summoning                    9
 Q - a manual of Maces & Flails
 R - a book of the Warp

   Spells                             Type                      Level
   a - Gell's Gravitas                Translocation                3
   b - Portal Projectile              Hexes/Translocation          3
   c - Force Lance                    Conjuration/Translocation    4
   d - Dispersal                      Translocation                6
   e - Controlled Blink               Translocation                8
   f - Disjunction                    Translocation                8
Miscellaneous
 F - a lightning rod (4/4)
 U - 6 phantom mirrors
 X - a phial of floods
Comestibles
 f - 5 bread rations
 x - 38 fruits
 z - 2 meat rations
 Z - 3 royal jellies


   Skills:
 O Level 27 Fighting
 O Level 27 Long Blades
 O Level 27 Armour
 O Level 27 Dodging
 O Level 27 Shields
 + Level 26.3 Spellcasting
 + Level 12.6 Hexes
 + Level 13.6 Summonings
 + Level 13.6 Translocations
 + Level 13.6 Air Magic
 O Level 27 Invocations
 - Level 15.6 Evocations


You had 35 spell levels left.
You knew the following spells:

 Your Spells              Type           Power        Failure   Level  Hunger
a - Tornado               Air            ######....   100%        9    #######
b - Dragon's Call         Summ           ######....   100%        9    #######
c - Controlled Blink      Tloc           N/A          77%         8    #######
d - Dispersal             Tloc           ######....   3%          6    ####...
e - Silence               Hex/Air        ######....   1%          5    #......


Dungeon Overview and Level Annotations

Branches:
Dungeon (1/1)

Altars:
Ashenzari
Cheibriados
Dithmenos
Elyvilon
Fedhas
Gozag
Hepliaklqana
Kikubaaqudgha
Makhleb
Nemelex Xobeh
Okawaru
Qazlal
Ru
Sif Muna
Trog
Uskayaw
Vehumet
Xom
Yredelemnul
Zin
The Shining One
Beogh
Jiyva
Lugonu


Innate Abilities, Weirdness & Mutations

You reflexively headbutt those who attack you in melee.
You have a pair of horns on your head.


Message History

You see here a lightning rod (4/4).
You see here a book of Ice.
You see here a +4 long sword of slicing.
You see here the Grimoire of Supportive Poisoning.
You see here the amulet of Semage {Spirit Str+2}.
You see here a lamp of fire.
You see here the ring "Siedgh" {rElec rF+ Str+5 SInv}.
You see here the cursed +0 broad axe "Jith" {protect, Int+4}.
You see here a book of Party Tricks.
There is a transporter here.
An exit appears before you!
You enter the transporter and appear at another place.
Found the Orb of Zot.
Found a staircase leading out of the dungeon.
You see here the Orb of Zot.
You pick up the Orb of Zot!
The Orb lets out a hideous shriek!
The lords of Pandemonium are not amused.
Beware!
Now all you have to do is get back out of the dungeon!
There is a staircase leading out of the dungeon here.
You have escaped!

.........(..▓..▓.......▓..▓...8©8
...)...)....▓.▓▓▓.....▓▓▓.▓..)[||
.((().()....▓..▓.......▓..▓..}}[)
)....[......▓.............▓......
.....(......▓.............▓......
.....(......▓▓▓▓▓▓▓▓▓▓▓▓▓▓▓......
▓.......▓...▓8888888888888▓.....)
▓▓..(..▓▓▓..▓8....§......8▓......
▓.......▓...▓8.§@.§......8▓.▓....
............▓8.§§...§....8▓......
............▓8888888888888▓▓▓▓▓▓▓
▓▓▓▓▓▓▓▓▓▓▓▓▓▓▓▓▓▓▓▓▓▓▓▓▓▓▓▓▓▓▓▓▓
.....8©8........▓.)..:)..8©8".}..
..|)})...:.)))..▓.).==..|}):..)"[
[....:.=.)..})=.▓.)"::..[....|:})
...........?:!}.▓.}}.=..)}..)..)!
......|..)......▓......)..=......


There were no monsters in sight!

Vanquished Creatures
  An ancient lich (D)
  A juggernaut (shapeshifter) (D)
  A greater mummy (D)
  33 pandemonium lords (D)
  3 shard shrikes (shapeshifter) (D)
  2 caustic shrikes (shapeshifter) (D)
  A glowing shapeshifter (D)
  An iron giant (shapeshifter) (D)
  4 liches (D)
  3 Ice Fiends (D)
  3 titans (shapeshifter) (D)
  A deep elf blademaster (D)
  4 acid blobs (D)
  A titan (D)
  3 deep elf master archers (D)
  2 shadow dragons (shapeshifter) (D)
  6 shadow dragons (D)
  A nagaraja (D)
  6 frost giants (D)
  11 azure jellies (D)
  A deep elf sorcerer (D)
  2 fire giants (shapeshifter) (D)
  A cacodemon (D)
  A draconian stormcaller (D)
  An iron dragon (shapeshifter) (D)
  A balrug (D)
  A deep elf elementalist (D)
  2 warmongers (D)
  5 reapers (D)
  A draconian annihilator (D)
  7 stone giants (D)
  A corrupter (D)
  A green draconian (D)
  2 black draconians (D)
  A black sun (D)
  A red draconian (D)
  A white draconian (D)
  3 purple draconians (D)
  3 yellow draconians (D)
  A deep elf annihilator (D)
  6 merfolk javelineers (D)
  4 blizzard demons (D)
  13 death oozes (D)
  A mummy priest (D)
  3 merfolk impalers (D)
  A great orb of eyes (shapeshifter) (D)
  5 yaktaur captains (D)
  6 ice dragons (D)
  19 vault guards (D)
  3 great orbs of eyes (D)
  7 hydras (D)
  A hell beast (D)
  3 merfolk aquamancers (D)
  An alligator snapping turtle (D)
  4 centaur warriors (D)
  An anaconda (shapeshifter) (D)
  5 catoblepae (D)
  A merfolk avatar (D)
  4 dancing weapons (D)
  2 death yaks (D)
  3 two-headed ogres (shapeshifter) (D)
  An alligator (shapeshifter) (D)
  A deep elf knight (D)
  4 soul eaters (D)
  3 deep trolls (shapeshifter) (D)
  A skeletal warrior (D)
  2 death drakes (shapeshifter) (D)
  3 sea snakes (D)
  A glowing orange brain (shapeshifter) (D)
  A flayed ghost (D)
  3 swamp dragons (shapeshifter) (D)
  4 deep elf archers (D)
  A shadow demon (D)
  A glowing orange brain (D)
  A gelid demonspawn (D)
  A harpy (D)
  A lindwurm (shapeshifter) (D)
  An orb spider (shapeshifter) (D)
  7 deep elf magi (D)
  A harpy (shapeshifter) (D)
  2 shining eyes (D)
  4 cyclopes (D)
  A faun (shapeshifter) (D)
  2 salamanders (shapeshifter) (D)
  A wolf spider (shapeshifter) (D)
  A manticore (D)
  A black mamba (shapeshifter) (D)
  A guardian serpent (D)
  2 ugly things (D)
  3 guardian serpents (shapeshifter) (D)
  2 naga magi (D)
  An eye of devastation (shapeshifter) (D)
  2 smoke demons (D)
  A rust devil (D)
  2 water nymphs (D)
  2 black mambas (D)
  5 eyes of devastation (D)
  A torpor snail (D)
  2 yaktaurs (shapeshifter) (D)
  5 rime drakes (D)
  6 komodo dragons (D)
  5 freezing wraiths (D)
  7 spiny frogs (D)
  2 ice devils (D)
  2 guardian mummies (D)
  10 yaktaurs (D)
  A hellwing (D)
  A tormentor (D)
  3 red devils (D)
  A jumping spider (shapeshifter) (D)
  2 merfolk (shapeshifter) (D)
  A demonic crawler (D)
  A jumping spider (D)
  11 merfolk (D)
  2 wind drakes (shapeshifter) (D)
  A polar bear (shapeshifter) (D)
  A wind drake (D)
  5 polar bears (D)
  A blink frog (shapeshifter) (D)
  2 blink frogs (D)
  26 slime creatures (D)
  4 hippogriffs (D)
  A snapping turtle (D)
  A dream sheep (shapeshifter) (D)
  A flying skull (D)
  4 shadows (D)
  2 air elementals (D)
  2 ynoxinuls (D)
  A wraith (D)
  A redback (shapeshifter) (D)
  A spriggan (shapeshifter) (D)
  A water elemental (D)
  3 yaks (D)
  A tarantella (shapeshifter) (D)
  4 golden eyes (D)
  2 hogs (shapeshifter) (D)
  A basilisk (D)
  A chaos spawn (D)
  3 neqoxecs (D)
  3 nagas (D)
  A water moccasin (shapeshifter) (D)
  14 water moccasins (D)
  5 floating eyes (D)
  A swamp worm (shapeshifter) (D)
  A hell hound (D)
  2 orc warriors (D)
  10 ice beasts (D)
  An eye of draining (shapeshifter) (D)
  3 eyes of draining (D)
  2 wolves (D)
  2 centaurs (D)
  8 crocodiles (D)
  A big kobold (shapeshifter) (D)
  2 earth elementals (D)
  2 scorpions (D)
  A wight (D)
  5 jellies (D)
  3 orc wizards (D)
  2 orc priests (D)
  5 mummies (D)
  5 white imps (D)
  5 oozes (D)
  2 spectral adders (D)
  2 adder skeletons (D)
  2 adder zombies (D)
  2 adder simulacra (D)
  An orc (D)
  2 ball pythons (D)
  2 bat skeletons (D)
  A ball python simulacrum (D)
  A bat simulacrum (D)
  A jackal skeleton (D)
  A leopard gecko skeleton (D)
  A leopard gecko zombie (D)
  A spectral quokka (D)
  8 fire vortices (D)
533 creatures vanquished.

Vanquished Creatures (others)
  A deep elf master archer (D)
  A komodo dragon (D)
2 creatures vanquished.

Grand Total: 535 creatures vanquished

Notes
Turn   | Place    | Note
-------+----------+-------------------------------------------
     0 | D        | Kingsmith the Minotaur Fighter began the quest for the Orb.
     0 | D        | Reached XP level 1. HP: 19/19 MP: 0/0
     0 | D        | Found a blossoming altar of Fedhas.
     1 | D        | Found a deep blue altar of Sif Muna.
     1 | D        | Found a sacrificial altar of Ru.
     1 | D        | Found a bloodstained altar of Trog.
     1 | D        | Found a stormy altar of Qazlal.
     1 | D        | Found an iron altar of Okawaru.
     1 | D        | Found a sparkling altar of Nemelex Xobeh.
     3 | D        | Found a transporter.
     3 | D        | Found an ancient bone altar of Kikubaaqudgha.
     3 | D        | Found a viscous altar of Jiyva.
     3 | D        | Found a corrupted altar of Lugonu.
     3 | D        | Found a hazy altar of Hepliaklqana.
     3 | D        | Found a burning altar of Makhleb.
     3 | D        | Found an opulent altar of Gozag.
    28 | D        | Became a worshipper of Qazlal Stormbringer
    84 | D        | Reached XP level 2. HP: 26/26 MP: 0/5
   144 | D        | Entered arena 2.
   144 | D        | Found a transporter.
   147 | D        | Reached XP level 3. HP: 34/34 MP: 7/7
   149 | D        | Reached skill level 5 in Armour
   149 | D        | Reached skill level 5 in Shields
   164 | D        | Entered arena 3.
   164 | D        | Noticed a jumping spider
   164 | D        | Noticed a scorpion
   164 | D        | Noticed a scorpion
   164 | D        | Found a transporter.
   167 | D        | Killed a scorpion
   167 | D        | Reached * piety under Qazlal
   167 | D        | Reached XP level 4. HP: 41/41 MP: 8/8
   168 | D        | Reached XP level 5. HP: 47/47 MP: 9/9
   171 | D        | Killed a jumping spider
   171 | D        | Reached skill level 10 in Armour
   171 | D        | Reached skill level 10 in Shields
   171 | D        | Reached XP level 6. HP: 53/53 MP: 10/10
   183 | D        | Got the +6 pearl dragon scales "Qudij" {rN+ MR+}
   186 | D        | Entered arena 4.
   186 | D        | Noticed a deep elf mage
   186 | D        | Noticed a deep elf mage
   186 | D        | Noticed a short sword of venom
   186 | D        | Noticed a deep elf mage
   186 | D        | Found a transporter.
   191 | D        | Killed a deep elf mage
   191 | D        | Reached ** piety under Qazlal
   191 | D        | Reached XP level 7. HP: 57/60 MP: 11/11
   194 | D        | Noticed a fire elemental
   194 | D        | Noticed a fire elemental
   194 | D        | Killed a deep elf mage
   194 | D        | Reached XP level 8. HP: 54/67 MP: 12/12
   198 | D        | Killed a deep elf mage
   201 | D        | Killed a short sword of venom
   201 | D        | Reached skill level 10 in Fighting
   201 | D        | Reached XP level 9. HP: 55/85 MP: 13/13
   205 | D        | Got the ring "Tuarat" {rElec rN+ Str+3}
   322 | D        | Entered arena 5.
   322 | D        | Noticed a merfolk
   322 | D        | Noticed a merfolk
   322 | D        | Noticed a merfolk
   322 | D        | Noticed a merfolk
   322 | D        | Found a transporter.
   327 | D        | Killed a merfolk
   327 | D        | Reached *** piety under Qazlal
   327 | D        | Reached skill level 10 in Long Blades
   331 | D        | Killed a merfolk
   333 | D        | Killed a merfolk
   337 | D        | Killed a merfolk
   337 | D        | Reached **** piety under Qazlal
   341 | D        | Identified the Reference Book on Mutagenic Ice (You found it in the Dungeon)
   343 | D        | Entered arena 6.
   343 | D        | Noticed a deep elf archer
   343 | D        | Noticed a deep elf mage
   343 | D        | Noticed a deep elf knight
   343 | D        | Found a transporter.
   348 | D        | Killed a deep elf archer
   348 | D        | Killed a deep elf mage
   348 | D        | Reached XP level 10. HP: 100/101 MP: 14/14
   349 | D        | Killed a deep elf knight
   360 | D        | Got the ring "Haqofo" {*Slow rPois Int+7 Dex+4 SInv}
   370 | D        | Entered arena 7.
   371 | D        | Found a transporter.
   375 | D        | Reached ***** piety under Qazlal
   401 | D        | Entered arena 8.
   402 | D        | Found a transporter.
   413 | D        | Reached skill level 15 in Fighting
   414 | D        | Reached skill level 15 in Long Blades
   531 | D        | Entered arena 9.
   531 | D        | Noticed a white ugly thing
   531 | D        | Noticed an orb spider
   533 | D        | Found a transporter.
   534 | D        | Killed an orb spider
   535 | D        | Reached ****** piety under Qazlal
   537 | D        | Killed a white ugly thing
   538 | D        | Noticed a salamander
   538 | D        | a polar bear changed into a salamander
   545 | D        | Killed a salamander
   545 | D        | Reached XP level 11. HP: 112/112 MP: 1/15
   561 | D        | Identified the Almanac of the Ladybird (You found it in the Dungeon)
   573 | D        | Entered arena 10.
   573 | D        | Noticed a mummy priest
   573 | D        | Noticed a greater mummy
   575 | D        | Noticed an emperor scorpion
   575 | D        | Found a transporter.
   576 | D        | Noticed a shadow wraith
   576 | D        | Noticed a shadow wraith
   584 | D        | Noticed a jiangshi
   585 | D        | Noticed a soul eater
   585 | D        | Noticed a sixfirhy
   586 | D        | Noticed a flayed ghost
   591 | D        | Noticed an emperor scorpion
   591 | D        | Noticed an emperor scorpion
   591 | D        | Noticed an emperor scorpion
   591 | D        | Noticed an emperor scorpion
   593 | D        | Noticed an emperor scorpion
   593 | D        | Noticed an emperor scorpion
   596 | D        | Killed a greater mummy
   596 | D        | Reached skill level 10 in Dodging
   603 | D        | Killed a mummy priest
   605 | D        | Got the +6 short sword "Usugear" {flame, *Noise rF++ Str+5}
   608 | D        | Got the +1 great mace of Prudence {vamp, Int+6}
   954 | D        | Entered arena 11.
   954 | D        | Noticed a white ugly thing
   963 | D        | Reached skill level 10 in Invocations
   964 | D        | Reached XP level 12. HP: 127/127 MP: 4/18
   968 | D        | Found a transporter.
  1071 | D        | Entered arena 12.
  1071 | D        | Noticed a death ooze
  1071 | D        | Noticed a great orb of eyes
  1071 | D        | Noticed a great orb of eyes
  1072 | D        | Noticed a death ooze
  1074 | D        | Killed a death ooze
  1074 | D        | Killed a great orb of eyes
  1074 | D        | Killed a death ooze
  1075 | D        | Found a transporter.
  1079 | D        | Killed a great orb of eyes
  1152 | D        | Entered arena 13.
  1152 | D        | Noticed Voodewkion the pandemonium lord
  1152 | D        | Noticed Novyg the pandemonium lord
  1152 | D        | Noticed a torturous corrupter
  1153 | D        | Noticed Pijimer the pandemonium lord
  1153 | D        | Noticed Xoudd the pandemonium lord
  1153 | D        | Noticed Poukh the pandemonium lord
  1154 | D        | Noticed an emperor scorpion
  1154 | D        | Killed a torturous corrupter
  1154 | D        | Reached skill level 15 in Invocations
  1154 | D        | Killed Novyg the pandemonium lord
  1155 | D        | Noticed a hell beast
  1155 | D        | Killed Poukh the pandemonium lord
  1155 | D        | Reached XP level 13. HP: 134/134 MP: 7/25
  1155 | D        | Killed Voodewkion the pandemonium lord
  1155 | D        | Killed Xoudd the pandemonium lord
  1157 | D        | Found a transporter.
  1172 | D        | Killed Pijimer the pandemonium lord
  1172 | D        | Reached XP level 14. HP: 143/143 MP: 2/29
  1302 | D        | Entered arena 14.
  1304 | D        | Noticed a shadow dragon
  1332 | D        | Killed a shadow dragon
  1333 | D        | Found a transporter.
  1481 | D        | Entered arena 15.
  1482 | D        | Noticed a black draconian stormcaller
  1482 | D        | Noticed a purple draconian annihilator
  1484 | D        | Killed a purple draconian annihilator
  1484 | D        | Killed a black draconian stormcaller
  1484 | D        | Reached skill level 15 in Shields
  1484 | D        | Reached skill level 15 in Armour
  1485 | D        | Found a transporter.
  1518 | D        | Entered arena 16.
  1520 | D        | Noticed a nagaraja
  1522 | D        | Found a transporter.
  1524 | D        | Killed a nagaraja
  1605 | D        | Got the cursed +3 long sword of Heoha {slice, +Inv Dex+3 Stlth+}
  1628 | D        | Entered arena 17.
  1630 | D        | Noticed a deep elf blademaster
  1631 | D        | Noticed a deep elf elementalist
  1632 | D        | Noticed a deep elf sorcerer
  1634 | D        | Killed a deep elf elementalist
  1634 | D        | Reached skill level 5 in Evocations
  1634 | D        | Killed a deep elf sorcerer
  1634 | D        | Reached skill level 10 in Evocations
  1638 | D        | Killed a deep elf blademaster
  1640 | D        | Reached XP level 15. HP: 155/155 MP: 22/30
  1642 | D        | Found a transporter.
  1685 | D        | Entered arena 18.
  1688 | D        | Noticed a frost giant
  1688 | D        | Noticed a frost giant
  1693 | D        | Killed a frost giant
  1693 | D        | Killed a frost giant
  1693 | D        | Reached skill level 15 in Evocations
  1695 | D        | Found a transporter.
  1731 | D        | Entered arena 19.
  1739 | D        | Found a transporter.
  1775 | D        | Entered arena 20.
  1779 | D        | Noticed an acid blob
  1780 | D        | Noticed an azure jelly
  1780 | D        | Noticed an azure jelly
  1782 | D        | Killed an azure jelly
  1782 | D        | Killed an acid blob
  1782 | D        | Killed an azure jelly
  1783 | D        | Found a transporter.
  1815 | D        | Entered arena 21.
  1821 | D        | Reached XP level 16. HP: 135/169 MP: 29/31
  1836 | D        | Found a transporter.
  1890 | D        | Got the +4 pair of boots "Peowe" {rC+++ Str-4 SInv}
  1918 | D        | Got the +2 pair of gloves of the Invisible Hand {rC+ rN+ Int+3}
  1936 | D        | Entered arena 22.
  1939 | D        | Noticed a deep elf master archer
  1940 | D        | Noticed a deep elf master archer
  1942 | D        | Noticed a deep elf master archer
  1943 | D        | Killed a deep elf master archer
  1943 | D        | Reached skill level 15 in Dodging
  1943 | D        | Killed a deep elf master archer
  1943 | D        | Killed a deep elf master archer
  1948 | D        | Noticed a deep elf master archer
  1948 | D        | Found a transporter.
  1948 | D        | Killed a deep elf master archer
  1995 | D        | Identified a +1 pair of boots of running (You found it in the Dungeon)
  2000 | D        | Entered arena 23.
  2005 | D        | Noticed an Ice Fiend
  2006 | D        | Noticed an Ice Fiend
  2008 | D        | Killed an Ice Fiend
  2010 | D        | Killed an Ice Fiend
  2012 | D        | Found a transporter.
  2217 | D        | Entered arena 24.
  2222 | D        | Noticed a titan
  2222 | D        | Noticed a lich
  2222 | D        | Noticed an ancient lich
  2222 | D        | Noticed a shadow dragon
  2223 | D        | Noticed a shadow dragon
  2223 | D        | Noticed a lich
  2223 | D        | Noticed a lich
  2225 | D        | Noticed a shadow dragon
  2225 | D        | Noticed a lich
  2225 | D        | Noticed a shadow dragon
  2226 | D        | Noticed a shadow dragon
  2226 | D        | Reached XP level 17. HP: 178/185 MP: 32/32
  2226 | D        | Killed a lich
  2226 | D        | Killed a lich
  2226 | D        | Killed an ancient lich
  2226 | D        | Reached skill level 27 in Long Blades
  2226 | D        | Killed a lich
  2227 | D        | Killed a lich
  2227 | D        | Killed a titan
  2230 | D        | Reached skill level 27 in Fighting
  2231 | D        | Found a transporter.
  2299 | D        | Entered arena 25.
  2305 | D        | Noticed Ysmaurie the pandemonium lord
  2305 | D        | Noticed Nalyst the pandemonium lord
  2305 | D        | Noticed Pix Ulyg the pandemonium lord
  2305 | D        | Noticed Raturoimae the pandemonium lord
  2306 | D        | Noticed Wigrodim the pandemonium lord
  2306 | D        | Noticed Mugat the pandemonium lord
  2306 | D        | Noticed Xebatoki the pandemonium lord
  2306 | D        | Noticed Nimanuto the pandemonium lord
  2306 | D        | Noticed Kutzaygo the pandemonium lord
  2306 | D        | Noticed Kedoczidd the pandemonium lord
  2306 | D        | Noticed Umi Vopi the pandemonium lord
  2306 | D        | Noticed Kicorapn the pandemonium lord
  2306 | D        | Noticed Ecaty the pandemonium lord
  2306 | D        | Noticed Loruf the pandemonium lord
  2306 | D        | Noticed Utual the pandemonium lord
  2307 | D        | Killed Kedoczidd the pandemonium lord
  2307 | D        | Killed Mugat the pandemonium lord
  2307 | D        | Killed Raturoimae the pandemonium lord
  2307 | D        | Reached skill level 27 in Armour
  2307 | D        | Reached skill level 27 in Shields
  2307 | D        | Reached XP level 18. HP: 200/200 MP: 28/33
  2307 | D        | Killed Kicorapn the pandemonium lord
  2308 | D        | Noticed Jorin the pandemonium lord
  2308 | D        | Noticed Qunoih the pandemonium lord
  2308 | D        | Noticed Zude Cot the pandemonium lord
  2308 | D        | Killed Loruf the pandemonium lord
  2308 | D        | Killed Pix Ulyg the pandemonium lord
  2308 | D        | Killed Wigrodim the pandemonium lord
  2308 | D        | Reached skill level 27 in Dodging
  2308 | D        | Killed Qunoih the pandemonium lord
  2308 | D        | Killed Xebatoki the pandemonium lord
  2308 | D        | Reached skill level 27 in Invocations
  2308 | D        | Killed Kutzaygo the pandemonium lord
  2308 | D        | Killed Nalyst the pandemonium lord
  2308 | D        | Killed Ysmaurie the pandemonium lord
  2308 | D        | Killed Utual the pandemonium lord
  2308 | D        | Reached skill level 10 in Spellcasting
  2309 | D        | Noticed Naiwutof the pandemonium lord
  2309 | D        | Noticed an Ice Fiend
  2309 | D        | Noticed Jeit Bov the pandemonium lord
  2309 | D        | Killed Zude Cot the pandemonium lord
  2309 | D        | Killed Ecaty the pandemonium lord
  2309 | D        | Reached XP level 19. HP: 207/207 MP: 15/35
  2309 | D        | Killed Jeit Bov the pandemonium lord
  2310 | D        | Noticed Xielid the pandemonium lord
  2310 | D        | Killed Umi Vopi the pandemonium lord
  2310 | D        | Reached skill level 15 in Spellcasting
  2310 | D        | Killed Xielid the pandemonium lord
  2310 | D        | Killed Ymesked the pandemonium lord
  2310 | D        | Killed Jorin the pandemonium lord
  2311 | D        | Noticed Ragill the pandemonium lord
  2312 | D        | Killed Naiwutof the pandemonium lord
  2312 | D        | Killed Nimanuto the pandemonium lord
  2312 | D        | Killed Ragill the pandemonium lord
  2313 | D        | Noticed Tutog the pandemonium lord
  2313 | D        | Noticed Qeus the pandemonium lord
  2313 | D        | Noticed Cuyd the pandemonium lord
  2314 | D        | Noticed Henon the pandemonium lord
  2314 | D        | Noticed Vyrouxt Kamu the pandemonium lord
  2315 | D        | Killed Tutog the pandemonium lord
  2315 | D        | Killed Vyrouxt Kamu the pandemonium lord
  2315 | D        | Killed Henon the pandemonium lord
  2316 | D        | Reached XP level 20. HP: 109/216 MP: 13/46
  2316 | D        | Killed Qeus the pandemonium lord
  2325 | D        | Found a transporter.
  2328 | D        | Killed Cuyd the pandemonium lord
  2567 | D        | Learned a level 9 spell: Tornado
  2577 | D        | Learned a level 9 spell: Dragon's Call
  2586 | D        | Learned a level 8 spell: Controlled Blink
  2593 | D        | Learned a level 6 spell: Dispersal
  2599 | D        | Learned a level 5 spell: Silence
  2602 | D        | Entered arena 26.
  2610 | D        | Noticed a shard shrike
  2610 | D        | Noticed a juggernaut
  2611 | D        | Reached skill level 1 in Hexes
  2611 | D        | Reached skill level 1 in Summonings
  2611 | D        | Reached skill level 1 in Translocations
  2611 | D        | Reached skill level 1 in Air Magic
  2611 | D        | Killed a shard shrike
  2611 | D        | Killed a juggernaut
  2611 | D        | Reached skill level 5 in Summonings
  2611 | D        | Reached skill level 5 in Translocations
  2611 | D        | Reached skill level 5 in Air Magic
  2611 | D        | Reached skill level 5 in Hexes
  2612 | D        | Noticed a shard shrike
  2612 | D        | a glowing shapeshifter changed into a shard shrike
  2613 | D        | Noticed a caustic shrike
  2613 | D        | an iron giant changed into a caustic shrike
  2615 | D        | Noticed a caustic shrike
  2615 | D        | Noticed a juggernaut
  2615 | D        | Killed a caustic shrike
  2615 | D        | Killed a caustic shrike
  2615 | D        | Killed a shard shrike
  2615 | D        | Killed a shard shrike
  2617 | D        | Found a transporter.
  2617 | D        | Noticed a shard shrike
  2617 | D        | a shard shrike changed into a titan
  2617 | D        | a juggernaut changed into an iron giant
  2621 | D        | Noticed a juggernaut
  2621 | D        | a titan changed into a juggernaut
  2621 | D        | Noticed a juggernaut
  2621 | D        | a titan changed into a juggernaut
  2622 | D        | a juggernaut changed into a titan
  2626 | D        | Noticed a juggernaut
  2626 | D        | a titan changed into a juggernaut
  2627 | D        | a juggernaut changed into an iron dragon
  2627 | D        | a juggernaut changed into a titan
  2634 | D        | Noticed a shard shrike
  2634 | D        | a titan changed into a shard shrike
  2636 | D        | Noticed a caustic shrike
  2636 | D        | a shard shrike changed into a caustic shrike
  2637 | D        | a caustic shrike changed into a shadow dragon
  2641 | D        | Reached skill level 10 in Summonings
  2641 | D        | Reached skill level 10 in Translocations
  2641 | D        | Reached skill level 10 in Air Magic
  2743 | D        | Entered arena 27.
  2752 | D        | Reached skill level 10 in Hexes
  2752 | D        | Reached XP level 21. HP: 224/224 MP: 49/49
  2764 | D        | Found a transporter.
  2832 | D        | Entered arena 28.
  2871 | D        | Found a transporter.
  2921 | D        | Got the Orb of Zot
  2926 | D        | Escaped with the Orb!

Skill      XL: |  1  2  3  4  5  6  7  8  9 10 11 12 13 14 15 16 17 18 19 20 21 |
---------------+----------------------------------------------------------------+-----
Invocations    | 7 10 19 24 27 | 27.0
Fighting       | 4 10 13 15 18 20 22 25 27 | 27.0
Armour         | 4 6 8 10 12 13 16 19 22 27 | 27.0
Shields        | 4 6 8 10 12 13 16 19 22 27 | 27.0
Long Blades    | 9 12 17 19 23 25 27 | 27.0
Dodging        | 10 12 14 16 20 27 | 27.0
Evocations     | 11 15 | 15.6
Spellcasting   | 12 23 25 26 | 26.3
Hexes          | 10 12 | 12.6
Summonings     | 11 13 | 13.6
Translocations | 11 13 | 13.6
Air Magic      | 11 13 | 13.6

Action                   |  1- 3 |  4- 6 |  7- 9 | 10-12 | 13-15 | 16-18 | 19-21 || total
-------------------------+-------+-------+-------+-------+-------+-------+-------++-------
Melee: Double sword      |     4 |     8 |    20 |    66 |       |       |       ||    98
       Headbutt          |       |     2 |     4 |    12 |    17 |    11 |    19 ||    65
       Eudemon blade     |       |       |       |     4 |    52 |    23 |    42 ||   121
       Long sword        |       |       |       |       |     5 |    12 |       ||    17
Invok: Upheaval          |       |       |     3 |     6 |     2 |     2 |     9 ||    22
       Disaster Area     |       |       |       |     6 |     7 |     8 |    10 ||    31
       Elemental Force   |       |       |       |     1 |     1 |       |     1 ||     3
 Abil: Evoke Invisibilit |       |       |       |       |     1 |       |       ||     1
  Use: Potion            |     1 |       |     3 |     5 |       |       |     1 ||    10
       Scroll            |       |       |       |       |     1 |       |     1 ||     2
 Stab: Petrified         |       |       |       |       |       |       |     2 ||     2
       Petrifying        |       |       |       |       |       |       |     1 ||     1
  Eat: Fruit             |       |       |       |     2 |     2 |       |       ||     4
       Chunk             |       |       |       |       |       |     1 |       ||     1
       Meat ration       |       |       |       |       |       |       |     2 ||     2
Armor: Plate armour      |       |    11 |    16 |    54 |    10 |     8 |    16 ||   115
Dodge: Dodged            |       |       |     3 |    12 |    12 |     3 |    48 ||    78
       Deflected         |       |       |       |     1 |     2 |     1 |       ||     4
Block: Shield            |     6 |    19 |    55 |   158 |   103 |    66 |    75 ||   482
       Reflection        |       |       |       |       |       |    18 |     1 ||    19
       Rpst.: Double sword |       |       |     2 |     2 |       |       |       ||     4
       Eudemon blade     |       |       |       |       |     2 |       |     1 ||     3
